 Dungeon Crawl Stone Soup version 0.26.0-10-g1f06aea511 (webtiles) character file.

Game seed: 7315058833699463646

53 inc the Vexing (level 3, 14/14 HPs)
             Began as a Felid Enchanter on Feb 1, 2021.
             Was a Follower of Uskayaw.
             Quit the game on level 2 of the Dungeon.
             The game lasted 00:02:40 (2536 turns).

inc the Vexing (Felid Enchanter)                    Turns: 2536, Time: 00:02:40

Health: 14/14      AC:  1    Str:  4    XL:     3   Next: 64%
Magic:  4/8        EV: 18    Int: 16    God:    Uskayaw [*.....]
Gold:   97         SH:  0    Dex: 17    Spells: 5/8 levels left
                                        Lives:  0   Deaths: 1

rFire    . . .     SeeInvis +     - Unarmed
rCold    . . .     Faith    .   (shield unavailable)
rNeg     . . .     Spirit   .   (armour unavailable)
rPois    .         Reflect  .   (helmet unavailable)
rElec    .         Harm     .   (cloak unavailable)
rCorr    .         Rampage  .   (gloves unavailable)
Will     .....                  (boots unavailable)
Stlth    +++.......             (no amulet)
HPRegen  0.04/turn              (no ring)
MPRegen  0.11/turn              (no ring)

@: quick
A: very small, no armour, no weapons or thrown items, stealth, claws 1, fangs 3,
see invisible, speed 1, shaggy fur 1, sharp paws
a: Renounce Religion, Stomp


You were on level 2 of the Dungeon.
You worshipped Uskayaw.
Uskayaw was noncommittal.
You visited 1 branch of the dungeon, and saw 2 of its levels.

You collected 97 gold pieces.

Inventory:

Scrolls
 a - 2 scrolls of identify {unknown}
 b - 2 scrolls of immolation {unknown}
 d - a scroll of teleportation {unknown}
 e - 2 scrolls of amnesia {unknown}
 f - a scroll of noise {unknown}
Potions
 c - a potion of curing {unknown}


   Skills:
 - Level 2.6 Dodging
 - Level 4.0 Stealth
 - Level 3.4 Unarmed Combat
 + Level 3.1 Spellcasting
 - Level 4.4 Hexes


You had 5 spell levels left.
You knew the following spells:

 Your Spells              Type           Power        Failure   Level
a - Corona                Hex            17%          3%          1
b - Ensorcelled Hibernat  Hex/Ice        18%          11%         2

Your spell library contained the following spells:

 Spells                   Type           Power        Failure   Level
 Confusing Touch          Hex            16%          9%          3
 Tukima's Dance           Hex            16%          9%          3
 Dazzling Flash           Conj/Hex       18%          22%         3


Dungeon Overview and Level Annotations

Branches:
Dungeon (2/15)

Altars:
Makhleb
Uskayaw
Wu Jian
Zin


Innate Abilities, Weirdness & Mutations

You cannot wear armour.
You are incapable of wielding weapons or throwing items.
Your paws allow you to move quietly. (Stealth)
You have sharp claws.
You have razor-sharp teeth.
You have supernaturally acute eyesight. (SInv)
You cover ground quickly.
You are covered in fur. (AC +1)
Your sharp claws are effective at attacking unaware monsters.


Message History

A gnoll is nearby!
Things that are here:
10 gold pieces; a gnoll corpse
Casting: Ensorcelled Hibernation (safe; 12% risk of failure)
Confirm with . or Enter, or press ? or * to list all spells.
Aiming: Ensorcelled Hibernation (safe; 12% risk of failure)
Press: ? - help, Shift-Dir - straight line, f/p - gnoll
Aim: a gnoll, wielding a +0 club (moderately wounded, chance to affect: 50%)
The gnoll resists with some effort.
The gnoll completely misses you.
Casting: Ensorcelled Hibernation (safe; 12% risk of failure)
Confirm with . or Enter, or press ? or * to list all spells.
Aiming: Ensorcelled Hibernation (safe; 12% risk of failure)
Press: ? - help, Shift-Dir - straight line, f/p - gnoll
Aim: a gnoll, wielding a +0 club (moderately wounded, chance to affect: 50%)
The gnoll looks drowsy...
You pounce on the unaware helpless gnoll!
You mangle the gnoll!!
You kill the gnoll!
Are you sure you want to abandon this character and quit the game? (Confirm with "yes".)

... #......#............#.....#
...####......#.........##########
.............#..............#....
.........g####...................
.....).....# ........#..........
......##...#######)...##.........
......##........)†)...''.........
................$#)..............
#...............@#...............
#####...........)#...........####
#............#...........#
#............#...###..†..#
#............#...# #.....#
#............#...# #.....#
#............#...# #.....#
#.........######## #######
###########


There were no monsters in sight!

Vanquished Creatures
  3 adders (D:2)
  3 gnolls (D:2)
  A worm (D:2)
  A dart slug (D:2)
  4 bats
  2 giant cockroaches
  2 hobgoblins
  7 jackals
  2 kobolds
  A ball python (D:1)
  5 frilled lizards
  12 goblins
  3 rats (D:2)
46 creatures vanquished.

Notes
Turn   | Place    | Note
-------+----------+-------------------------------------------
     0 | D:1      | inc the Felid Enchanter began the quest for the Orb.
     0 | D:1      | Reached XP level 1. HP: 7/7 MP: 4/4
   280 | D:1      | Reached XP level 2. HP: 2/11 MP: 6/6
  1240 | D:2      | Learned a level 2 spell: Ensorcelled Hibernation
  1321 | D:2      | Reached XP level 3. HP: 14/14 MP: 0/7
  1962 | D:2      | Found an ornate altar of the Wu Jian Council.
  1965 | D:2      | Found a burning altar of Makhleb.
  1968 | D:2      | Found a glowing silver altar of Zin.
  1969 | D:2      | Found a hide-covered altar of Uskayaw.
  1977 | D:2      | Became a worshipper of Uskayaw the Reveller
  2008 | D:2      | Reached * piety under Uskayaw
  2177 | D:2      | Reached XP level 4. HP: 18/18 MP: 8/8
  2180 | D:2      | Reached ** piety under Uskayaw
  2501 | D:2      | Slain by a gnoll
  2502 | D:2      | Reached XP level 3. HP: -2/14 MP: 1/8
  2536 | D:2      | Quit the game

Illustrated notes

Levels and vault maps discovered:
D:1:      ncdulo_watergridlock, layout_loops_ring
D:2:      minmay_angry_zag, layout_basic, grunt_temple_overflow_open

Skill      XL: |  1  2  3  4 |
---------------+-------------+-----
Unarmed Combat | 2 3 |  3.4
Spellcasting   | 3 |  3.1
Dodging        | |  2.6
Stealth        | |  4.0
Hexes          | |  4.4

Action                   |  1- 3 |  4- 6 || total
-------------------------+-------+-------++-------
Melee: Unarmed           |   105 |    17 ||   122
       Bite              |     5 |     2 ||     7
       Punch             |       |     1 ||     1
 Cast: Ensorcelled Hiber |    15 |    14 ||    29
 Stab: Sleeping          |    22 |     8 ||    30
Armor: Skin              |     9 |       ||     9
Dodge: Dodged            |    94 |    17 ||   111
